 Dungeon Crawl Stone Soup version 0.27.1-34-g3ba077fa99 (webtiles) character file.

Game seed: 11375046049870709188

776 Delamore the Covert (level 7, 0/45 HPs)
             Began as an Octopode Brigand on Feb 15, 2022.
             Slain by a centaur warrior zombie (5 damage)
             ... on level 5 of the Dungeon.
             The game lasted 00:06:21 (5056 turns).

Delamore the Covert (Octopode Brigand)              Turns: 5056, Time: 00:06:22

Health: 0/45       AC:  1    Str: 10    XL:     7   Next: 84%
Magic:  7/7        EV: 12    Int: 14    God:
Gold:   253        SH:  0    Dex: 15    Spells: 6/6 levels left

rFire    . . .     SeeInvis .   a - +2 dagger
rCold    . . .     Faith    .   (no shield)
rNeg     . . .     Spirit   .   (helmet restricted)
rPois    .         Reflect  .   (no amulet)
rElec    .         Harm     .   (no ring)
rCorr    .         Rampage  .   (no ring)
Will     .....                  (no ring)
Stlth    +++++.....             (no ring)
HPRegen  0.15/turn              (no ring)
MPRegen  0.10/turn              (no ring)
                                (no ring)
                                (no ring)

@: no status effects
A: almost no armour, amphibious, 8 rings, camouflage 1, gelatinous body 1,
(nimble swimmer 1), tentacles
a: no special abilities


You were on level 5 of the Dungeon.
You visited 1 branch of the dungeon, and saw 5 of its levels.

You collected 253 gold pieces.

Inventory:

Hand Weapons
 a - a +2 dagger (weapon)
Missiles
 b - 8 poisoned darts
 r - a curare-tipped dart
Wands
 c - a wand of polymorph (10)
 d - a wand of iceblast (9) (quivered)
 n - a wand of flame (9)
Scrolls
 h - 2 scrolls of enchant armour
 k - a scroll of fog
 m - 2 scrolls of torment
 p - a scroll of magic mapping
 s - a scroll of teleportation {unknown}
Potions
 e - a potion of invisibility {unknown}
 f - a potion of might {unknown}
 g - a potion of magic
 i - a potion of flight {unknown}
 j - a potion of brilliance {unknown}
 l - a potion of haste {unknown}
 o - a potion of resistance {unknown}
 q - a potion of ambrosia {unknown}


   Skills:
 - Level 2.0 Fighting
 + Level 6.3 Short Blades
 + Level 2.0 Throwing
 - Level 1.0 Dodging
 - Level 10.0 Stealth
 + Level 0.0 Evocations


You had 6 spell levels left.
You didn't know any spells.
Your spell library contained the following spells:

 Spells                   Type           Power      Damage    Failure   Level
 Magic Dart               Conj           0%         1d3       28%         1
 Slow                     Hex            0%         N/A       41%         2
 Confusing Touch          Hex            0%         N/A       65%         3
 Gell's Gravitas          Tloc           0%         N/A       65%         3
 Teleport Other           Tloc           0%         N/A       65%         3
 Vampiric Draining        Necr           0%         2d6       65%         3
 Summon Lightning Spire   Summ/Air       0%         N/A       96%         4
 Dispersal                Tloc           0%         N/A       100%        6
 Storm Form               Tmut/Air       0%         N/A       100%        7
 Maxwell's Capacitive Co  Air            0%         ∞         100%        8


Dungeon Overview and Level Annotations

Branches:
Dungeon (5/15)
 Temple: D:4-7

Altars:
Kikubaaqudgha
Nemelex Xobeh
Xom
Zin


Innate Abilities, Weirdness & Mutations

You cannot wear most types of armour.
You are amphibious.
You can wear up to eight rings at the same time.
Your skin changes colour to match your surroundings (Stealth+).
Your rubbery body absorbs attacks. (AC +1, EV +1)
((You are camouflaged near water. (Stealth+)))
You have tentacles for arms and can constrict up to eight enemies at once.


Message History

The centaur warrior zombie hits you. The centaur warrior zombie kicks you.
You hit the centaur warrior zombie but do no damage.
The centaur warrior zombie is heavily damaged.
The centaur warrior zombie hits you but does no damage.
The centaur warrior zombie kicks you.
You hit the centaur warrior zombie but do no damage.
The centaur warrior zombie is heavily damaged.
The centaur warrior zombie hits you.
* * * LOW HITPOINT WARNING * * *
The centaur warrior zombie kicks you.
* * * LOW HITPOINT WARNING * * *
You hit the centaur warrior zombie but do no damage.
You squeeze the centaur warrior zombie!
The centaur warrior zombie is heavily damaged.
The centaur warrior zombie barely misses you.
The centaur warrior zombie closely misses you.
You hit the centaur warrior zombie but do no damage.
The centaur warrior zombie is heavily damaged.
You hit the centaur warrior zombie but do no damage.
The centaur warrior zombie is heavily damaged.
The centaur warrior zombie hits you.
* * * LOW HITPOINT WARNING * * *
The centaur warrior zombie kicks you.
* * * LOW HITPOINT WARNING * * *
You hit the centaur warrior zombie. You squeeze the centaur warrior zombie!
The centaur warrior zombie is severely damaged.
The centaur warrior zombie misses you.
The centaur warrior zombie kicks you but does no damage.
You hit the centaur warrior zombie.
The centaur warrior zombie is severely damaged.
The centaur warrior zombie hits you.
* * * LOW HITPOINT WARNING * * *
The centaur warrior zombie closely misses you.
You hit the centaur warrior zombie.
The centaur warrior zombie is severely damaged.
The centaur warrior zombie misses you. The centaur warrior zombie kicks you.
* * * LOW HITPOINT WARNING * * *
Okay, then.
The centaur warrior zombie hits you.
You die...

####.##.##.....#.# .
##...#.#####..#.##.
#......#####.......
##...#........#.#.#
##.###########..#.
#.# #...# #.# ##...
##'## ##... ##@..##
##.... #Z....#
##..... #.......#
##.#.... #.........#
#.<.....
+.........+.......#.#
#.........####...)###
##.......## ##.#.#
##.....## ###.#
##...## #.#


You could see a centaur warrior zombie.

Vanquished Creatures
  Sigmund (D:3)
  Duvessa (D:4)
  A bullfrog (D:3)
  2 scorpions (D:4)
  Dowan (D:4)
  A hound (D:3)
  Jessica (D:2)
  An iguana (D:4)
  Terence (D:3)
  Robin (D:3)
  A gnoll (D:1)
  6 adders
  3 worms
  13 orcs
  3 bats
  8 endoplasms
  A giant cockroach (D:2)
  15 goblins
  9 hobgoblins
  4 jackals (D:1)
  2 kobolds
  5 quokkas
  8 ball pythons
  3 frilled lizards
  3 rats
95 creatures vanquished.

Notes
Turn   | Place    | Note
-------+----------+-------------------------------------------
     0 | D:1      | Delamore the Octopode Brigand began the quest for the Orb.
     0 | D:1      | Reached XP level 1. HP: 14/14 MP: 1/1
   237 | D:1      | Found a faded altar of an unknown god.
   249 | D:1      | Got Plato's Handbook of Conjuration
   368 | D:1      | Reached XP level 2. HP: 19/19 MP: 2/2
   502 | D:1      | Reached skill level 6 in Stealth
   847 | D:1      | Reached XP level 3. HP: 24/24 MP: 3/3
  1219 | D:2      | Reached skill level 7 in Stealth
  1219 | D:2      | Reached XP level 4. HP: 20/29 MP: 4/4
  1465 | D:2      | Noticed Jessica
  1481 | D:2      | Killed Jessica
  1828 | D:3      | Noticed Terence
  1828 | D:3      | Noticed Robin
  1828 | D:3      | Noticed Sigmund
  1835 | D:2      | Reached XP level 5. HP: 19/34 MP: 5/5
  2323 | D:3      | Killed Terence
  2324 | D:3      | Reached skill level 8 in Stealth
  2344 | D:3      | Reached XP level 6. HP: 5/39 MP: 6/6
  2615 | D:3      | Found a sparkling altar of Nemelex Xobeh.
  3349 | D:3      | Found an ancient bone altar of Kikubaaqudgha.
  3436 | D:3      | Reached skill level 9 in Stealth
  3594 | D:3      | Found a glowing silver altar of Zin.
  3731 | D:3      | Killed Robin
  3980 | D:3      | Killed Sigmund
  3981 | D:3      | Reached XP level 7. HP: 41/45 MP: 7/7
  4043 | D:4      | Reached skill level 10 in Stealth
  4100 | D:4      | Found a shimmering altar of Xom.
  4317 | D:4      | Noticed Dowan
  4332 | D:4      | Killed Dowan
  4333 | D:4      | Reached skill level 5 in Short Blades
  4333 | D:4      | Noticed Duvessa
  4357 | D:4      | Killed Duvessa
  4999 | D:5      | Entered Level 5 of the Dungeon
  5056 | D:5      | Slain by a centaur warrior zombie

Illustrated notes

Levels and vault maps discovered:
D:1:      minmay_arrival_glassed_features, layout_basic,
          shapermc_ecumenical_altar_rom_forum, serial_bayou_pond_e,
          minmay_misc_feat_x
D:2:      layout_rooms, minmay_misc_feat_secret_circle, uniq_jessica
D:3:      layout_basic, nemelex_xobeh_ov_fountains_minmay,
          mainiacjoe_overflow_chevrons, mainiacjoe_overflow_six_doors_small,
          uniq_terence, uniq_robin, uniq_sigmund
D:4:      layout_cave_pods, old_standard_altar, uniq_duvessa
D:5:      layout_loops_corners, minmay_manual_mess

Skill      XL: |  1  2  3  4  5  6  7 |
---------------+----------------------+-----
Stealth        | 6 7 8 9 10 | 10.0
Short Blades   | 3 4 6 |  6.3
Fighting       | |  2.0
Throwing       | |  2.0
Dodging        | |  1.0

Action                   |  1- 3 |  4- 6 |  7- 9 || total
-------------------------+-------+-------+-------++-------
Melee: Dagger            |    54 |   130 |    40 ||   224
       Constrict         |     8 |    32 |     1 ||    41
       Tentacles         |     9 |    30 |     5 ||    44
       Unarmed           |       |       |     7 ||     7
Throw: Dart              |       |     6 |     3 ||     9
Evoke: Wand              |       |       |     8 ||     8
  Use: Scroll            |     4 |     1 |     1 ||     6
       Potion            |       |     4 |       ||     4
 Stab: Sleeping          |     9 |     9 |    12 ||    30
Armor: Skin              |       |     3 |     7 ||    10
Dodge: Dodged            |    32 |    48 |    22 ||   102
